 Dungeon Crawl Stone Soup version 0.17.0-26-gececa24 (console) character file.

47 gw the Vexing (level 3, -3/29 HPs)
             Began as a Demigod Wanderer on Nov 20, 2015.
             Slain by a kobold
             ... wielding a +0 short sword
              (4 damage)
             ... on level 2 of the Dungeon.
             The game lasted 00:01:33 (1131 turns).

gw the Vexing (Demigod Wanderer)                    Turns: 1131, Time: 00:01:33

Health: -3/29      AC:  8    Str: 14    XL:     3   Next: 29%
Magic:  5/5        EV:  6    Int: 15    God:
Gold:   5          SH:  0    Dex: 19    Spells: 0 memorised, 2 levels left

rFire  . . .     SeeInvis .     a - +2 hand axe
rCold  . . .     Clarity  .     k - +0 chain mail
rNeg   . . .     SustAt   +     (no shield)
rPois  .         Gourm    .     (no helmet)
rElec  .         Spirit   .     (no cloak)
rCorr  .         Warding  .     (no gloves)
rMut   .         Stasis   .     (no boots)
MR     .....                    (no amulet)
Stlth  ..........               (no ring)
                                (no ring)

@: not resistant to hostile enchantments, extremely unstealthy
A: high mp 1, sustain attributes
a: no special abilities


You were on level 2 of the Dungeon.
You were not hungry.

You visited 1 branch of the dungeon, and saw 2 of its levels.

You collected 5 gold pieces.

Inventory:

Hand Weapons
 a - a +2 hand axe (weapon)
Missiles
 e - 50 stones (quivered)
Armour
 k - a +0 chain mail (worn)
Potions
 b - a potion of lignification
Books
 c - Jadijoczop's Incunabulum of Unholy Rituals

   Spells                             Type                      Level
   a - Animate Skeleton               Necromancy                   1
   b - Corpse Rot                     Necromancy                   2
Comestibles
 f - a bread ration


   Skills:
 + Level 2.1 Fighting
 * Level 2.5 Axes
 + Level 1.1 Armour
 - Level 1.7 Stealth
   Level 2.6 Hexes
   Level 1.7 Necromancy


You had 2 spell levels left.
You didn't know any spells.

Dungeon Overview and Level Annotations

Branches:
Dungeon (2/15)


Innate Abilities, Weirdness & Mutations

You have an increased reservoir of magic (+10% MP).
Your attributes are resistant to harm.


Message History

You throw a stone. The stone closely misses the hobgoblin.
The hobgoblin shouts!
The hobgoblin throws a javelin.
The javelin hits you.
ATTACK MOVE TO (-1,0)
The hobgoblin throws a javelin.
The javelin hits you but does no damage.
A kobold comes into view. It is wielding a short sword.
You see here a javelin.
ATTACK MOVE TO (-1,0)
A hobgoblin comes into view.
The hobgoblin throws a javelin.
The javelin hits you.
You see here a stone.
ATTACK MOVE TO (-1,0)
An adder comes into view.
ATTACK MOVE TO (-1,0) ATTACK MOVE TO (-1,-1)
You hit the hobgoblin.
The hobgoblin is heavily wounded.
You hit the kobold but do no damage. The kobold hits you with a short sword.
You die...

#....<.......
####............
................
#######..##.......%..
#........##......$...
........##...........
.....................
....S.g..#.#%#....#..
..(...Kp.(((...####
.....g...#.#.#.#
..(............#
.........#.#.#.#
.......(.......#
..........##.###
......(...#..#
....(.......## ....
..


You could see an adder, 2 hobgoblins and a kobold.

Table legend:
 A = Turns spent in this place as a percentage of turns spent in the entire game.
 B = Non-inter-level travel turns spent in this place as a percentage of non-inter-level travel turns spent in the entire game.
 C = Inter-level travel turns spent in this place as a percentage of turns spent in this place.
 D = Turns resting spent in this place as a percentage of non-inter-level travel turns spent in this place.
 E = Turns spent auto-exploring this place as a percentage of non-inter-level travel turns spent in this place.
 F = Non-inter-level travel turns spent in this place divided by the number of levels of this place that you've seen.
                   A       B       C       D       E      F
               +-------+-------+-------+-------+-------+----------------------
         Total | 100.0 | 100.0 |   0.5 |   1.1 |   1.9 | 815.0
       Dungeon | 100.0 | 100.0 |   0.5 |   1.1 |   1.9 | 815.0
               +-------+-------+-------+-------+-------+----------------------

Table legend:
 A = Kills in this place as a percentage of kills in entire the game.
 B = Kills by you in this place as a percentage of kills by you in the entire game.
 C = Kills by friends in this place as a percentage of kills by friends in the entire game.
 D = Other kills in this place as a percentage of other kills in the entire game.
 E = Experience gained in this place as a percentage of experience gained in the entire game.
 F = Experience gained in this place divided by the number of levels of this place that you have seen.
                   A       B       C       D       E      F
               +-------+-------+-------+-------+-------+----------------------
         Total | 100.0 | 100.0 |  -nan |  -nan | 100.0 |  34.0
       Dungeon | 100.0 | 100.0 |  -nan |  -nan | 100.0 |  34.0
               +-------+-------+-------+-------+-------+----------------------

Vanquished Creatures
  2 adders (D:2)
  2 worms (D:2)
  A giant cockroach (D:1)
  2 goblins (D:1)
  3 hobgoblins (D:1)
  A quokka (D:2)
  3 bats
  A giant newt (D:1)
  4 jackals (D:1)
  2 kobolds (D:1)
  4 rats (D:1)
25 creatures vanquished.

Notes
Turn   | Place    | Note
--------------------------------------------------------------
     0 | D:1      | gw the Demigod Wanderer began the quest for the Orb.
     0 | D:1      | gw set off with: a +2 hand axe, a potion of lignification, Jadijoczop's Incunabulum of Unholy Rituals, a +0 robe, a +0 dagger, a bread ration
     0 | D:1      | Reached XP level 1. HP: 17/17 MP: 3/3
   444 | D:1      | Reached XP level 2. HP: 22/24 MP: 4/4
   857 | D:2      | Reached skill level 1 in Armour
  1037 | D:2      | Reached XP level 3. HP: 6/29 MP: 5/5
  1128 | D:2      | HP: 1/29 [hobgoblin/javelin (2)]
  1131 | D:2      | Slain by a kobold

Action                   || total
-------------------------++-------
Melee: Hand axe          ||    77
Throw: Stone             ||    50
  Use: Potion            ||     4
       Scroll            ||     2
 Stab: Sleeping          ||     1
  Eat: Chunk             ||     1

Vault maps used:
D:1:      dpeg_arrival_rhombi
D:2:      xom_teletrap_fun, serial_glass, glass_columns_c, glass_columns_a,
          glass_columns_b, glass_columns_a, glass_columns_a, glass_columns_b
